 Dungeon Crawl Stone Soup version 0.26-a0-660-gc07710193c (webtiles) character file.

Game seed: 16642416545246087400

3860 ringo67 the Martial Artist (level 10, -4/82 HPs)
             Began as an Octopode Transmuter on Oct 5, 2020.
             Was a Priest of Okawaru.
             Slain by a killer bee (6 damage)
             ... on level 8 of the Dungeon.
             The game lasted 00:23:10 (12715 turns).

ringo67 the Martial Artist (Octopode Transmuter)   Turns: 12715, Time: 00:23:11

Health: -4/82      AC:  6    Str: 12    XL:     10   Next: 18%
Magic:  6/13       EV: 10    Int: 16    God:    Okawaru [***...]
Gold:   426        SH:  0    Dex: 13    Spells: 5/13 levels left

rFire    x . .     SeeInvis .     - Unarmed
rCold    + + +     Faith    .   (shield currently unavailable)
rNeg     . . .     Spirit   .   (helmet currently unavailable)
rPois    +         Reflect  .   (no amulet)
rElec    .         Harm     .   j - ring of poison resistance
rCorr    .         Rampage  .   (no ring)
MR       .....                  (no ring)
Stlth    ++........             (no ring)
HPRegen  0.23/turn              (no ring)
MPRegen  0.13/turn              (no ring)
                                (no ring)
                                (no ring)

@: about to teleport, ice-form
A: large, almost no armour, stealthy swim, amphibious, 8 rings, (constrict 8)
a: End Transformation, Heroism, Renounce Religion


You were on level 8 of the Dungeon.
You worshipped Okawaru.
Okawaru was most pleased with you.
You were a creature of crystalline ice.
You visited 1 branch of the dungeon, and saw 8 of its levels.
You also visited: Sewer.

You collected 426 gold pieces.

Inventory:

Missiles
 c - 2 curare-tipped darts
 q - 49 poisoned darts (quivered)
Jewellery
 j - a ring of poison resistance (left front paw)
Wands
 f - a wand of digging (11)
 g - a wand of paralysis (19)
 h - a wand of flame (25)
 i - a wand of disintegration (12)
 o - a wand of acid (8)
Scrolls
 a - a scroll of identify
 b - 6 scrolls of remove curse
 k - 2 scrolls of enchant weapon
 m - a scroll of teleportation
 v - 4 scrolls of amnesia
 A - a scroll of fog
Potions
 d - 5 potions of curing
 e - 3 potions of invisibility
 l - a potion of brilliance {unknown}
 n - a potion of resistance {unknown}
 p - 2 potions of lignification {unknown}
 r - 2 potions of degeneration {unknown}
 s - 2 potions of stabbing {unknown}
 t - a potion of mutation {unknown}
 u - 3 potions of haste
 w - 5 potions of flight
 z - a potion of might
 B - a potion of berserk rage {unknown}


   Skills:
 + Level 6.8 Fighting
 - Level 2.0 Dodging
 * Level 10.2 Unarmed Combat
 - Level 2.0 Spellcasting
 + Level 7.1 Transmutations
 - Level 4.0 Ice Magic
 - Level 1.0 Invocations


You had 5 spell levels left.
You knew the following spells:

 Your Spells              Type           Power        Failure   Level
a - Beastly Appendage     Tmut           ###...       1%          1
b - Ice Form              Ice/Tmut       ###.....     22%         4
c - Spider Form           Tmut/Pois      ##........   14%         3

Your spell library contained the following spells:

 Spells                   Type           Power        Failure   Level
 Wereblood                Tmut           ###.....     1%          2
 Summon Small Mammal      Summ           #...         21%         1
 Call Imp                 Summ           #.......     30%         2
 Blade Hands              Tmut           ###.......   30%         5
 Call Canine Familiar     Summ           #.......     52%         3
 Summon Guardian Golem    Hex/Summ       #.......     52%         3
 Summon Ice Beast         Ice/Summ       #.......     65%         4
 Summon Lightning Spire   Summ/Air       #.......     90%         4


Dungeon Overview and Level Annotations

Branches:
Dungeon (8/15)             Temple (0/1) D:6            Lair (0/6) D:8
  Sewer (visited)

Altars:
Ashenzari
Cheibriados
Elyvilon
Fedhas
Hepliaklqana
Makhleb
Okawaru
Qazlal
Ru
Trog
Xom
Zin

Shops:
D:2 *

Annotations:
D:8 Maggie


Innate Abilities, Weirdness & Mutations

You cannot wear most types of armour.
You are very stealthy in the water. (Stealth+)
You are amphibious.
You can wear up to eight rings at the same time.
((You can use your tentacles to constrict eight enemies at once.))
((Your skin changes colour to match your surroundings (Stealth+).))
((Your rubbery body absorbs attacks. (AC +1, EV +1)))


Message History

The killer bee closely misses you.
Your magical contamination has completely faded away.
You miss the killer bee. The killer bee stings you.
* * * LOW HITPOINT WARNING * * *
The killer bee buzzes angrily.
You hit the killer bee. You freeze the killer bee.
The killer bee is moderately wounded.
You feel sick. The killer bee stings you.
* * * LOW HITPOINT WARNING * * *
The killer bee stings you but does no damage.
As you read the scroll of teleportation, it crumbles to dust.
You feel strangely unstable.
The killer bee buzzes angrily.
The killer bee stings you but does no damage.
The killer bee stings you!
* * * LOW HITPOINT WARNING * * *
You feel better. The killer bee stings you!
* * * LOW HITPOINT WARNING * * *
The killer bee stings you.
You die...

## ###...
###########≈≈≈≈≈.
..........≈≈≈≈≈≈
########≈≈≈≈###
#.....≈≈≈###}###
#.###.≈≈≈#≈≈≈≈y##
#.≈≈≈≈≈y≈y†Y#
#.≈≈≈#}≈≈≈≈##
#.≈≈≈###≈###
#(.≈≈≈ ### ##
#####≈ .. # ###
... ###


You could see 3 killer bees.

Vanquished Creatures
  Joseph (D:7)
  Sigmund (D:5)
  A swamp worm (D:8)
  Edmund (D:6)
  Duvessa (D:6)
  Menkaure (D:6)
  A water moccasin (D:5)
  2 sky beasts
  A black bear (D:6)
  An orc warrior (D:7)
  2 ice beasts
  A hornet zombie (D:7)
  2 eyes of draining (D:5)
  2 ogres (D:4)
  A phantom (D:5)
  4 centaurs
  2 big kobolds
  2 bullfrogs
  Dowan (D:6)
  A scorpion (D:6)
  A killer bee (D:8)
  3 howler monkeys
  3 bullfrog zombies
  4 hounds
  4 orc wizards
  2 orc priests (D:7)
  Crazy Yiuf (D:7)
  3 iguanas
  3 worker ants
  A hound zombie (D:6)
  A hound skeleton (D:8)
  A worker ant zombie (D:3)
  16 adders
  2 shadow imps
  4 white imps
  2 ufetubi
  2 oozes (D:3)
  2 adder skeletons
  A worm (D:2)
  2 dart slugs (D:1)
  4 leopard geckos
  17 orcs
  A ball python (D:3)
  5 bats
  6 giant cockroaches
  8 goblins
  5 hobgoblins
  10 jackals
  10 kobolds
  6 quokkas
  5 frilled lizards
  A leopard gecko skeleton (D:4)
  A quokka skeleton (D:6)
  9 rats
175 creatures vanquished.

Vanquished Creatures (others)
  38 plants
38 creatures vanquished.

Grand Total: 213 creatures vanquished

Notes
Turn   | Place    | Note
-------+----------+-------------------------------------------
     0 | D:1      | ringo67 the Octopode Transmuter began the quest for the
                  | Orb.
     0 | D:1      | Reached XP level 1. HP: 13/13 MP: 3/3
   355 | D:1      | Reached XP level 2. HP: 16/18 MP: 3/5
  1511 | D:2      | Reached XP level 3. HP: 17/24 MP: 4/6
  1606 | D:2      | Found a snail-covered altar of Cheibriados.
  1899 | D:2      | Found Zin's Purification Station.
  1901 | D:2      | Found a glowing silver altar of Zin.
  1906 | D:2      | Found a white marble altar of Elyvilon.
  1990 | D:2      | Found a faded altar of an unknown god.
  2061 | D:2      | Reached skill level 4 in Unarmed Combat
  2069 | D:2      | Reached XP level 4. HP: 18/29 MP: 5/7
  3058 | D:3      | Reached XP level 5. HP: 26/35 MP: 8/8
  3174 | D:3      | Found a stormy altar of Qazlal.
  3186 | D:3      | Found a glowing drain.
  3265 | Sewer    | Entered a sewer
  3584 | Sewer    | Noticed a big kobold
  3643 | Sewer    | Killed a big kobold
  3643 | Sewer    | Reached skill level 5 in Unarmed Combat
  3643 | Sewer    | Reached XP level 6. HP: 39/41 MP: 9/9
  3669 | Sewer    | Found a white marble altar of Elyvilon.
  4552 | D:4      | Learned a level 3 spell: Spider Form
  4557 | D:4      | Learned a level 4 spell: Ice Form
  4905 | D:4      | Reached XP level 7. HP: 46/46 MP: 10/10
  4925 | D:4      | Reached skill level 6 in Unarmed Combat
  5530 | D:5      | Entered Level 5 of the Dungeon
  5530 | D:5      | Found a blossoming altar of Fedhas.
  5530 | D:5      | Found an iron altar of Okawaru.
  5538 | D:5      | Became a worshipper of Warmaster Okawaru
  5986 | D:5      | Reached skill level 1 in Ice Magic
  5986 | D:5      | Reached XP level 8. HP: 17/54 MP: 7/11
  6244 | D:5      | Found a sacrificial altar of Ru.
  6296 | D:5      | Reached * piety under Okawaru
  6296 | D:5      | Reached skill level 7 in Unarmed Combat
  6576 | D:5      | Reached skill level 5 in Transmutations
  6875 | D:5      | Found a bloodstained altar of Trog.
  7210 | D:5      | Found a burning altar of Makhleb.
  7309 | D:5      | Reached skill level 5 in Fighting
  7669 | D:5      | Noticed Sigmund
  7681 | D:5      | Killed Sigmund
  7681 | D:5      | Reached ** piety under Okawaru
  7681 | D:5      | Reached skill level 8 in Unarmed Combat
  8046 | D:6      | Reached XP level 9. HP: 53/61 MP: 12/12
  8303 | D:6      | Reached skill level 1 in Invocations
  8329 | D:6      | HP: 3/61 [orc/+0 club (6)]
  8651 | D:6      | Noticed Edmund
  8669 | D:6      | Killed Edmund
  9048 | D:6      | Found a broken altar of Ashenzari.
  9226 | D:6      | Found a staircase to the Ecumenical Temple.
  9371 | D:6      | Noticed Dowan
  9373 | D:6      | Noticed Duvessa
  9394 | D:6      | Killed Dowan
  9490 | D:6      | Killed Duvessa
  9725 | D:6      | Found a hazy altar of Hepliaklqana.
  9843 | D:6      | Reached skill level 9 in Unarmed Combat
  9853 | D:6      | Noticed Menkaure
  9859 | D:6      | Killed Menkaure
  9859 | D:6      | Reached *** piety under Okawaru
  9889 | D:6      | Found a shimmering altar of Xom.
 10247 | D:7      | Noticed Joseph
 10909 | D:7      | Killed Joseph
 11247 | D:6      | Reached XP level 10. HP: 42/69 MP: 1/13
 11560 | D:7      | Reached skill level 10 in Unarmed Combat
 12179 | D:7      | Found a runed translucent door.
 12180 | D:7      | Noticed Crazy Yiuf
 12189 | D:7      | Killed Crazy Yiuf
 12256 | D:8      | Noticed Maggie
 12605 | D:8      | Found a staircase to the Lair.
 12715 | D:8      | HP: 2/82 [killer bee (10)]
 12715 | D:8      | Slain by a killer bee

Illustrated notes

Levels and vault maps discovered:
D:1:      beargit_arrival_greenhouse, layout_basic
D:2:      layout_loops_corners, zin_purify, lemuel_coloured_pillars_altar,
          serial_forest, infiniplex_forest_clump_double,
          infiniplex_forest_clump_large, infiniplex_forest_lined_3,
          infiniplex_forest_straight_2, infiniplex_forest_lined_room_,
          infiniplex_forest_clump_cross, chequers_ecumenical_altar_simple_redux,
          elyvilon_altar_5
D:3:      layout_loops_cross, overflow_temple_1_default, gup_sewer_entry_glass
D:4:      layout_loops_ring, kennysheep_generic_room_3
D:5:      layout_gridville, nicolae_ru_sacrificial_ziggurat,
          chequers_temple_overflow_statue_of_worship, trog_eyes_of_draining,
          serial_bayou, serial_bayou_pond_d, serial_bayou_pond_b,
          serial_bayou_lagoon_a, serial_bayou_lake_a, serial_bayou_pond_d,
          makhleb_heckhound_becter, uniq_sigmund
D:6:      layout_rooms, ashenzari_altar_1, lemuel_round_altar,
          minmay_temple_entry_fiery, minmay_ruined_shrine, uniq_edmund,
          uniq_duvessa, uniq_menkaure
D:7:      layout_rooms, minmay_microvault, uniq_joseph, uniq_crazy_yiuf_cottage
D:8:      layout_basic, dpeg_oklobed_lair, serial_shops, kennysheep_mini_moat,
          worms_lemuel, uniq_maggie

Skill      XL: |  1  2  3  4  5  6  7  8  9 10 |
---------------+-------------------------------+-----
Unarmed Combat | 4 5 6 8 9 10 | 10.2
Fighting       | 2 3 4 5 6 |  6.8
Transmutations | 3 4 5 6 7 |  7.1
Ice Magic      | 1 3 4 |  4.0
Invocations    | 1 |  1.0
Dodging        | |  2.0
Spellcasting   | |  2.0

Action                   |  1- 3 |  4- 6 |  7- 9 | 10-12 || total
-------------------------+-------+-------+-------+-------++-------
Melee: Unarmed           |    67 |   113 |   267 |    66 ||   513
       Kick              |     6 |    10 |     5 |       ||    21
       Constrict         |    22 |    28 |    26 |     4 ||    80
       Tentacles         |    11 |    19 |    30 |     4 ||    64
       Punch             |     2 |     3 |     8 |     1 ||    14
Throw: Dart              |       |    20 |    22 |       ||    42
 Cast: Beastly Appendage |     5 |    11 |     4 |       ||    20
       Spider Form       |       |       |    12 |     4 ||    16
       Ice Form          |       |       |     7 |     3 ||    10
Invok: Heroism           |       |       |     1 |       ||     1
  Use: Scroll            |       |     9 |     6 |     1 ||    16
       Potion            |       |       |     2 |     2 ||     4
 Stab: Sleeping          |     3 |    11 |     3 |     1 ||    18
Armor: Skin              |     1 |     6 |    21 |    10 ||    38
Dodge: Dodged            |    26 |    50 |   155 |    30 ||   261

Table legend: (Time is in decaauts)
 A = Elapsed time spent in this place.
 B = Non-inter-level travel time spent in this place.
 C = Inter-level travel time spent in this place.
 D = Time resting spent in this place.
 E = Time spent auto-exploring this place.
 F = Levels seen in this place.
 G = Mean time per level.
                   A        B        C        D        E       F      G
               +--------+--------+--------+--------+--------+-----+--------+
         Total |  12660 |  12311 |    349 |   5198 |   4958 |   9 | 1406.7 |
       Dungeon |  12223 |  11874 |    349 |   4962 |   4888 |   8 | 1527.9 |
         Sewer |    437 |    437 |      0 |    236 |     70 |   1 |  437.0 |
               +--------+--------+--------+--------+--------+-----+--------+

Top non-repeatable levels by time:
     D:5: 3134 daAuts
     D:7: 2039 daAuts
     D:2: 1687 daAuts
     D:6: 1542 daAuts
     D:4: 1466 daAuts
     D:1: 1009 daAuts
     D:3: 913 daAuts
   Sewer: 437 daAuts
     D:8: 429 daAuts
